AoeStats
← ahmadziad777

Arena

508896800Analyzed
4v4 RM · 6d ago on Sep 24, 2026· 41m 38s· 8 players
Game mode
Random Map
Map size
Large (8 player)
Population
200
Speed
Normal
Resources
Standard
Victory
Conquest
Starting age
Dark Age
Ending age
Imperial Age
RankedLock teamsTeams togetherTeam positionsShared explorationLock speedFull tech treeHidden civsTurbo modeCheats
Victory
Defeat
🇨🇳 Mongols · China
938
+17
🇦🇷 Koreans · Argentina
906
+35
🇨🇳 Armenians · China
876
+19
🇮🇶 Huns · Iraq
846
+21
🇩🇪 Byzantines · Germany
1025
-22
🇩🇪 Varangians · Germany
994
-20
🇩🇪 Poles · Germany
939
-18
🇩🇪 Danes · Germany
857
-15
Aldous Barbarossa
9:15 Loom
11:01 Feudal Age
15:48 Castle Age
14:02 Double-Bit Axe
18:22 Wheelbarrow
17:36 Town Watch
20:48 Bow Saw
24:00 Hand Cart
26:03 Horse Collar
26:45 Gold Mining
29:52 Gold Shaft Mining
30:34 Fletching
30:46 Scale Mail Armor
30:15 Pikeman
30:57 Squires
30:42 Arson
31:30 Bodkin Arrow
35:31 Imperial Age
34:55 Forging
35:01 Chain Mail Armor
35:16 Eupseong
35:53 Halberdier
36:57 Heavy Rocket Cart
39:28 Conscription
40:25 Plate Mail Armor
40:32 Iron Casting
40:08 Elite War Wagon
未见将见
11:25 Feudal Age
12:34 Double-Bit Axe
15:29 Castle Age
13:14 Horse Collar
16:26 Heavy Plow
16:40 Bow Saw
23:19 Gold Mining
25:12 Wheelbarrow
24:28 Loom
24:28 Town Watch
25:45 Gold Shaft Mining
26:23 Husbandry
27:41 Bloodlines
27:50 Scale Barding Armor
30:46 Forging
30:56 Chain Barding Armor
33:46 Iron Casting
35:35 Hand Cart
ahmadziad777
0:28 Loom
12:17 Feudal Age
13:04 Double-Bit Axe
13:01 Horse Collar
13:14 Gold Mining
13:17 Stone Mining
14:10 Wheelbarrow
22:21 Castle Age
21:34 Forging
21:30 Scale Barding Armor
22:31 Bloodlines
23:22 Hand Cart
23:10 Heavy Plow
23:23 Bow Saw
24:05 Husbandry
25:52 Iron Casting
27:24 Chain Barding Armor
28:29 Gold Shaft Mining
31:12 Light Cavalry
35:40 Imperial Age
33:18 Caravan
36:59 Conscription
38:02 Blast Furnace
38:30 Plate Barding Armor
38:47 Cavalier
40:24 Hussar
Carrot
0:30 Loom
11:28 Feudal Age
17:28 Castle Age
25:03 Double-Bit Axe
26:14 Horse Collar
27:40 Heavy Plow
27:38 Man-at-Arms
28:41 Forging
28:32 Scale Mail Armor
29:54 Bow Saw
32:44 Imperial Age
29:53 Long Swordsman
30:35 Squires
30:20 Gambesons
31:19 Bow Saw
31:05 Gold Mining
31:22 Arson
31:00 Two-Handed Swordsman
32:31 Chain Mail Armor
33:35 Gold Shaft Mining
33:38 Wheelbarrow
32:48 Town Watch
33:05 Arson
33:29 Capped Ram
35:28 Iron Casting
35:23 Plate Mail Armor
35:22 Champion
37:07 Conscription
38:12 Blast Furnace
38:04 Fereters
38:52 Hand Cart
38:56 Town Patrol
39:46 Siege Ram
XBU Lord
0:28 Loom
5:33 Loom
11:40 Feudal Age
14:13 Loom
16:34 Castle Age
15:57 Double-Bit Axe
15:54 Horse Collar
17:59 Bow Saw
18:10 Heavy Plow
25:22 Wheelbarrow
30:23 Imperial Age
28:49 Hand Cart
28:21 Town Watch
29:44 Loom
30:40 Forging
30:35 Scale Barding Armor
31:57 Iron Casting
34:00 Bloodlines
33:50 Husbandry
34:14 Szlachta Privileges
34:06 Gold Mining
35:56 Blast Furnace
35:26 Chain Barding Armor
35:27 Stone Mining
36:12 Crop Rotation
35:10 Cavalier
37:33 Conscription
40:31 Scale Mail Armor
40:12 Elite Obuch
42:03 Stone Shaft Mining
Wels2802
10:55 Feudal Age
12:23 Loom
14:40 Castle Age
13:02 Double-Bit Axe
13:21 Horse Collar
16:26 Bow Saw
17:04 Heavy Plow
23:23 Wheelbarrow
24:07 Town Watch
24:52 Hand Cart
26:27 Town Patrol
29:45 Imperial Age
28:02 Scale Barding Armor
28:07 Forging
27:50 Fletching
29:28 Bloodlines
29:19 Husbandry
29:58 Cavalier
Bollex
8:49 Loom
10:42 Feudal Age
14:51 Castle Age
12:56 Double-Bit Axe
13:48 Horse Collar
22:33 Stone Mining
24:17 Wheelbarrow
25:52 Hand Cart
26:07 Gold Mining
26:57 Heavy Plow
30:21 Imperial Age
28:09 Scale Mail Armor
28:21 Forging
29:51 Chain Mail Armor
29:52 Squires
29:38 Gambesons
29:39 Arson
30:34 Iron Casting
30:17 Fletching
30:25 Elite Varangian Guard
32:14 Conscription
33:08 Scale Barding Armor
32:59 Bodkin Arrow
33:45 Gold Shaft Mining
36:36 Chain Barding Armor
36:42 Bow Saw
38:03 Bracer
37:32 Onager
Bolle
0:27 Loom
10:37 Feudal Age
16:21 Castle Age
15:28 Double-Bit Axe
17:14 Bow Saw
17:26 Horse Collar
19:24 Gold Mining
19:25 Stone Mining
24:57 Forging
24:49 Scale Mail Armor
25:53 Heavy Plow
28:13 Arson
28:29 Squires
29:04 Pikeman
29:46 Pikeman
Connection lost

Rejoining the realm…

Still unreachable

The connection could not be restored.

Session expired

The server has moved on; the page needs a fresh start.